 Dungeon Crawl Stone Soup version 0.29.1-2-gbd0b4ee654 (webtiles) character file.

Game seed: 844945892353898110

13 Ivernyr the Chiller (level 2, 0/20 HPs)
             Began as a Barachi Ice Elementalist on Nov 3, 2022.
             Slain by a bat (1 damage)
             ... on level 1 of the Dungeon.
             The game lasted 00:01:01 (361 turns).

Ivernyr the Chiller (Barachi Ice Elementalist)       Turns: 361, Time: 00:01:01

Health: 0/20       AC:  2    Str:  9    XL:     2   Next: 37%
Magic:  0/5        EV: 12    Int: 15    God:
Gold:   35         SH:  0    Dex: 12    Spells: 4/5 levels left

rFire   . . .      SeeInvis .   (no weapon)
rCold   . . .      Faith    .   (no shield)
rNeg    . . .      Spirit   .   a - +0 robe
rPois   .          Reflect  .   (no helmet)
rElec   .          Harm     .   (no cloak)
rCorr   .          Rampage  .   (no gloves)
Will    .....                   (no boots)
Stlth   ++........              (no amulet)
HPRegen 0.06/turn               (no ring)
MPRegen 0.09/turn               (no ring)

@: slow
A: amphibious, slowness 1, strong legs 1, +LOS
a: Hop


You were on level 1 of the Dungeon.
You visited 1 branch of the dungeon, and saw 1 of its levels.

You collected 35 gold pieces.

Inventory:

Armour
 a - a +0 robe (worn)
Scrolls
 c - 2 scrolls of identify {unknown}
 d - a scroll of teleportation {unknown}
Potions
 b - a potion of magic


   Skills:
 + Level 0.8 Fighting
 + Level 2.4 Dodging
 - Level 1.7 Stealth
 + Level 2.3 Spellcasting
 * Level 5.1 Ice Magic


You had 4 spell levels left.
You knew the following spells:

 Your Spells              Type           Power      Damage    Failure   Level
a - Freeze                Ice            68%        1d8       2%          1

Your spell library contained the following spells:

 Spells                   Type           Power      Damage    Failure   Level
 Frozen Ramparts          Ice            34%        1d6       8%          3
 Ozocubu's Armour         Ice            17%        N/A       8%          3
 Hailstorm                Conj/Ice       9%         3d4       58%         4


Dungeon Overview and Level Annotations

Branches:
Dungeon (1/15)

Altars:


Innate Abilities, Weirdness & Mutations

You are amphibious.
You cover ground slowly.
You can hop short distances.
You have an extended range of vision and can be seen from far away.


Message History

The jackal bites you.
* * * LOW HITPOINT WARNING * * *
The jackal bites you but does no damage.
The jackal attacks as you move away!
The jackal bites you but does no damage.
Casting: Freeze (safe; 2% risk of failure)
Confirm with . or Enter, or press ? or * to list all spells.
Aiming: Freeze (safe; 2% risk of failure)
Press: ? - help, Shift-Dir - straight line, f - jackal
Aim: a jackal You freeze the jackal.
The jackal is severely wounded.
The jackal barely misses you. The jackal bites you.
* * * LOW HITPOINT WARNING * * *
You barely miss the jackal.
The jackal is severely wounded.
The jackal misses you.
You barely miss the jackal.
The jackal is severely wounded.
The jackal bites you.
* * * LOW HITPOINT WARNING * * *
The jackal barely misses you.
Unknown command.
The kobold shouts!
You hit the jackal but do no damage.
The jackal is severely wounded.
The jackal bites you but does no damage.
You hit the jackal.
The jackal is almost dead.
The jackal bites you but does no damage.
The kobold throws a stone.
The stone hits you but does no damage.
You hit the jackal.
You kill the jackal!
The kobold throws a stone.
The stone closely misses you. The bat hits you but does no damage.
You closely miss the bat. The bat misses you. The bat barely misses you.
The bat hits you but does no damage. The bat closely misses you.
The bat attacks as you move away! The bat hits you.
You die...

#.# ##### ##.#
#.# #.# #.#
##.### ...
###.#.#..## ...
...........# .##
.###.####..# #.
#..# #.####..###
#....@b[..#
K.######..#......
.........†#######
...K.###.#.# .J.
#.###.# h #†##
#.# ..# #.. #..#
### ....


You could see a bat.

Vanquished Creatures
  An endoplasm (D:1)
  A giant cockroach (D:1)
  5 jackals (D:1)
  A kobold (D:1)
  A quokka (D:1)
  A bat (D:1)
10 creatures vanquished.

Notes
Turn   | Place    | Note
-------+----------+-------------------------------------------
     0 | D:1      | Ivernyr the Barachi Ice Elementalist began the quest for
                  | the Orb.
     0 | D:1      | Reached XP level 1. HP: 13/13 MP: 3/3
   268 | D:1      | Reached skill level 5 in Ice Magic
   321 | D:1      | Reached XP level 2. HP: 16/20 MP: 0/5
   354 | D:1      | HP: 1/20 [jackal (1)]
   361 | D:1      | Slain by a bat

Illustrated notes

Levels and vault maps discovered:
D:1:      giann_wishing_wells, layout_loops_ring, serial_bayou_pond_e

Skill      XL: |  1 |
---------------+----+-----
Ice Magic      | 5 |  5.1
Fighting       | |  0.8
Dodging        | |  2.4
Stealth        | |  1.7
Spellcasting   | |  2.3

Action                   || total
-------------------------++-------
Melee: Unarmed           ||    32
 Cast: Freeze            ||    12
Armor: Robe              ||    13
Dodge: Dodged            ||    38
